 Dungeon Sprint DCSS version 0.27-a0-684-g359e429f13 (webtiles) character file.

Game seed: 17373545911705019679

0 Gaff the Vandal (level 1, -4/14 HPs)
             Began as a Halfling Hunter on Mar 20, 2021.
             Slain by a river rat (8 damage)
             ... in the Dungeon (Sprint IV: "Fedhas' Mad Dash").
             The game lasted 00:00:30 (17 turns).

Gaff the Vandal (Halfling Hunter)                     Turns: 17, Time: 00:00:30

Health: -4/14      AC:  3    Str: 13    XL:     1   Next: 11%
Magic:  1/1        EV: 14    Int:  9    God:
Gold:   0          SH:  0    Dex: 14    Spells: 0/0 levels left

rFire    . . .     SeeInvis .   b - +0 short sword
rCold    . . .     Faith    .   (shield restricted)
rNeg     . . .     Spirit   .   c - +0 leather armour
rPois    .         Reflect  .   (no helmet)
rElec    .         Harm     .   (no cloak)
rCorr    .         Rampage  .   (no gloves)
Will     .....     NoTele   +   (no boots)
Stlth    ++........             (no amulet)
HPRegen  0.04/turn              (no ring)
MPRegen  0.07/turn              (no ring)

@: no status effects
A: small, no large weapons, mutation resistance 1
a: no special abilities


You were in the Dungeon.
You visited 1 branch

Inventory:

Hand Weapons
 a - a +1 hunting sling
 b - a +0 short sword (weapon)
Missiles
 d - 15 sling bullets
Armour
 c - a +0 leather armour (worn)
Scrolls
 j - a scroll of blinking
Potions
 e - a potion of curing
 f - a potion of heal wounds
 g - a potion of haste
 h - 2 potions of magic
 i - a potion of berserk rage


   Skills:
 - Level 1.7 Fighting
 * Level 6.1 Slings
 + Level 2.3 Dodging
 + Level 1.4 Stealth


You couldn't memorise any spells.
You didn't know any spells.
Your spell library was empty.

Dungeon Overview and Level Annotations

Branches:
Dungeon (1/1)

Altars:


Innate Abilities, Weirdness & Mutations

You are small and have problems with some larger weapons.
You are somewhat resistant to further mutation.


Message History

Aim: a river rat (58% to hit)
You shoot a sling bullet.
The sling bullet barely misses the river rat.
The sling bullet hits the rat!
You kill the rat!
Your Slings skill increases to level 6!
Fire: 16 sling bullets
Press: ? - help, Q - select action Shift-Dir - straight line, f/p - river rat
Aim: a river rat (60% to hit)
You shoot a sling bullet.
The sling bullet barely misses the river rat.
The river rat bites you.
b - a +0 short sword (weapon)
You hit the river rat.
The river rat is lightly wounded.
The river rat misses you.
You completely miss the river rat.
The river rat is lightly wounded.
The river rat closely misses you. x2
You barely miss the river rat.
The river rat is lightly wounded.
The river rat bites you.
* * * LOW HITPOINT WARNING * * *
You hit the river rat but do no damage.
The river rat is lightly wounded.
The river rat closely misses you.
You hit the river rat.
The river rat is moderately wounded.
The river rat barely misses you.
You hit the river rat.
The river rat is severely wounded.
The river rat misses you.
You barely miss the river rat.
The river rat is severely wounded.
The river rat barely misses you.
You completely miss the river rat.
The river rat is severely wounded.
The river rat bites you!
Ouch! That really hurt!
You die...

###### #####
#<..P#.....#
#PP.@r.(..(+
#PPPP#..((.#
###### #####


You could see a river rat.

Vanquished Creatures
  A rat (D)
1 creature vanquished.

Notes
Turn   | Place    | Note
-------+----------+-------------------------------------------
     0 | D        | Gaff the Halfling Hunter began the quest for the Orb.
     0 | D        | Reached XP level 1. HP: 14/14 MP: 1/1
     8 | D        | Reached skill level 6 in Slings
    17 | D        | Slain by a river rat

Illustrated notes

Levels and vault maps discovered:
D:        dungeon_sprint_fedhas [sprint_temple]

Skill      XL: |  1 |
---------------+----+-----
Slings         | 6 |  6.1
Fighting       | |  1.7
Dodging        | |  2.3
Stealth        | |  1.4

Action                   || total
-------------------------++-------
Melee: Short sword       ||     8
 Fire: Hunting sling     ||     5
Dodge: Dodged            ||     7

Table legend: (Time is in decaauts)
 A = Elapsed time spent in this place.
 B = Non-inter-level travel time spent in this place.
 C = Inter-level travel time spent in this place.
 D = Time resting spent in this place.
 E = Time spent auto-exploring this place.
 F = Levels seen in this place.
 G = Mean time per level.
                   A        B        C        D        E       F      G
               +--------+--------+--------+--------+--------+-----+--------+
         Total |     16 |     16 |      0 |      0 |      0 |   1 |   16.0 |
       Dungeon |     16 |     16 |      0 |      0 |      0 |   1 |   16.0 |
               +--------+--------+--------+--------+--------+-----+--------+

Top non-repeatable levels by time:
       D: 16 daAuts
